 Dungeon Crawl Stone Soup version 0.27-a0-34-gc18c9092ac (webtiles) character file.

Game seed: 17038707897036998958

59 Rennog the Fighter (level 4, -3/48 HPs)
             Began as a Gnoll Wanderer on Jan 5, 2021.
             Slain by Terence
             ... wielding a +1 trident of flaming
              (4 damage)
             ... on level 2 of the Dungeon.
             The game lasted 00:02:33 (1196 turns).

Rennog the Fighter (Gnoll Wanderer)                 Turns: 1196, Time: 00:02:35

Health: -3/48      AC: -1    Str: 16    XL:     4   Next: 3%
Magic:  5/5        EV: 12    Int: 13    God:
Gold:   66         SH:  0    Dex: 15    Spells: 5/5 levels left

rFire    . . .     SeeInvis .   a - +2 quarterstaff
rCold    . . .     Faith    .   (shield currently unavailable)
rNeg     . . .     Spirit   .   d - +0 robe
rPois    .         Reflect  .   (no helmet)
rElec    .         Harm     .   (no cloak)
rCorr    .         Rampage  .   (no gloves)
Will     .....                  (no boots)
Stlth    ++........             (no amulet)
HPRegen  0.16/turn              i - -4 ring of protection (curse)
MPRegen  0.09/turn              (no ring)

@: no status effects
A: distributed training, fangs 1, strong nose
a: no special abilities


You were on level 2 of the Dungeon.
You visited 1 branch of the dungeon, and saw 2 of its levels.

You collected 66 gold pieces.

Inventory:

Hand Weapons
 a - a +2 quarterstaff (weapon)
Armour
 d - a +0 robe (worn)
Jewellery
 i - a cursed -4 ring of protection (left hand)
Scrolls
 b - a scroll of teleportation
 e - a scroll of magic mapping {unknown}
 f - a scroll of amnesia {unknown}
 g - a scroll of enchant weapon {unknown}
Potions
 c - 3 potions of curing
 h - a potion of invisibility {unknown}


   Skills:
 + Level 10.3 Fighting
 + Level 1.0 Short Blades
 + Level 1.0 Long Blades
 + Level 1.0 Axes
 + Level 1.0 Maces & Flails
 + Level 1.0 Polearms
 + Level 2.7 Staves
 + Level 1.0 Slings
 + Level 1.0 Bows
 + Level 2.7 Crossbows
 + Level 2.7 Throwing
 + Level 2.7 Armour
 + Level 1.0 Dodging
 + Level 1.0 Stealth
 + Level 1.0 Shields
 + Level 1.0 Unarmed Combat
 + Level 1.0 Spellcasting
 + Level 0.7 Conjurations
 + Level 0.7 Hexes
 + Level 0.7 Summonings
 + Level 0.7 Necromancy
 + Level 0.7 Translocations
 + Level 0.7 Transmutations
 + Level 0.7 Fire Magic
 + Level 0.7 Ice Magic
 + Level 0.7 Air Magic
 + Level 0.7 Earth Magic
 + Level 0.7 Poison Magic
 + Level 1.1 Invocations
 + Level 2.7 Evocations


You had 5 spell levels left.
You didn't know any spells.
Your spell library was empty.

Dungeon Overview and Level Annotations

Branches:
Dungeon (2/15)

Altars:

Annotations:
D:2 Terence


Innate Abilities, Weirdness & Mutations

Your experience applies equally to all skills.
You have very sharp teeth.
Your uncanny sense of smell can sniff out nearby items.


Message History

Terence is severely wounded.
The hobgoblin barely misses you. Terence closely misses you.
You hit Terence but do no damage. You bite Terence, but do no damage.
Terence is severely wounded.
The hobgoblin misses you. Terence barely misses you.
You hit Terence but do no damage. You bite Terence, but do no damage.
Terence is severely wounded.
The hobgoblin closely misses you.
Terence hits you with a +1 trident of flaming.
* * * LOW HITPOINT WARNING * * *
Terence burns you.
* * * LOW HITPOINT WARNING * * *
You hit Terence but do no damage.
Terence is severely wounded.
The hobgoblin hits you.
* * * LOW HITPOINT WARNING * * *
Terence hits you with a +1 trident of flaming!
* * * LOW HITPOINT WARNING * * *
Terence burns you.
You die...

.. #.## #. ###.## # ##
#.#### #..... .
#....#....######.....
#.##.#.
..##...........) .....
#.......##..... ##...
#............†.
#...g###)#.....##.####
#..@@..###....##.....
##....## #.....######
##.#.# ##...#......
#.#.# ##.##.#####
....# #.##.# ......
#.##.# ###.... #.##.#
###... #.##.# ..##.#


You could see Terence and a hobgoblin.

Vanquished Creatures
  2 adders (D:2)
  3 dart slugs (D:1)
  A giant cockroach (D:1)
  8 goblins
  5 hobgoblins
  5 kobolds (D:1)
  2 bats
  4 frilled lizards (D:1)
  3 rats
33 creatures vanquished.

Notes
Turn   | Place    | Note
-------+----------+-------------------------------------------
     0 | D:1      | Reached skill level 10 in Fighting
     0 | D:1      | Rennog the Gnoll Wanderer began the quest for the Orb.
     0 | D:1      | Rennog set off with the following items: a +2 quarterstaff,
                  | a scroll of teleportation, a potion of curing, a +0 robe
     0 | D:1      | Reached XP level 1. HP: 28/28 MP: 1/1
    83 | D:1      | Reached XP level 2. HP: 35/36 MP: 2/2
   413 | D:1      | Reached XP level 3. HP: 42/42 MP: 3/3
  1015 | D:2      | Reached skill level 1 in Invocations
  1115 | D:2      | Reached skill level 1 in Short Blades
  1115 | D:2      | Reached skill level 1 in Long Blades
  1115 | D:2      | Reached skill level 1 in Axes
  1115 | D:2      | Reached skill level 1 in Maces & Flails
  1115 | D:2      | Reached skill level 1 in Polearms
  1115 | D:2      | Reached skill level 1 in Slings
  1115 | D:2      | Reached skill level 1 in Bows
  1115 | D:2      | Reached skill level 1 in Dodging
  1115 | D:2      | Reached skill level 1 in Stealth
  1115 | D:2      | Reached skill level 1 in Shields
  1115 | D:2      | Reached skill level 1 in Unarmed Combat
  1115 | D:2      | Reached skill level 1 in Spellcasting
  1118 | D:2      | Reached XP level 4. HP: 48/48 MP: 5/5
  1182 | D:2      | Noticed Terence
  1196 | D:2      | HP: 1/48 [Terence/+1 trident of flaming (10)]
  1196 | D:2      | Slain by Terence

Illustrated notes

Levels and vault maps discovered:
D:1:      dpeg_arrival_houses_and_road, layout_loops_ring, serial_forest,
          infiniplex_forest_straight_1, infiniplex_forest_end_1,
          infiniplex_forest_3_way, infiniplex_forest_clump_small,
          infiniplex_forest_side_room, infiniplex_forest_clump_cross,
          infiniplex_forest_zigzag_1, kennysheep_nondescript
D:2:      layout_loops_ring, uniq_terence, uniq_crazy_yiuf_cottage

Skill      XL: |  1  2  3 |
---------------+----------+-----
Fighting       | | 10.3
Invocations    | 1 |  1.1
Short Blades   | 1 |  1.0
Long Blades    | 1 |  1.0
Axes           | 1 |  1.0
Maces & Flails | 1 |  1.0
Polearms       | 1 |  1.0
Slings         | 1 |  1.0
Bows           | 1 |  1.0
Dodging        | 1 |  1.0
Stealth        | 1 |  1.0
Shields        | 1 |  1.0
Unarmed Combat | 1 |  1.0
Spellcasting   | 1 |  1.0
Staves         | |  2.7
Crossbows      | |  2.7
Throwing       | |  2.7
Armour         | |  2.7
Conjurations   | |  0.7
Hexes          | |  0.7
Summonings     | |  0.7
Necromancy     | |  0.7
Translocations | |  0.7
Transmutations | |  0.7
Fire Magic     | |  0.7
Ice Magic      | |  0.7
Air Magic      | |  0.7
Earth Magic    | |  0.7
Poison Magic   | |  0.7
Evocations     | |  2.7

Action                   |  1- 3 |  4- 6 || total
-------------------------+-------+-------++-------
Melee: Quarterstaff      |    59 |    13 ||    72
       Bite              |     4 |     2 ||     6
 Stab: Sleeping          |     3 |     1 ||     4
       Distracted        |     1 |       ||     1
Armor: Robe              |    13 |       ||    13
Dodge: Dodged            |    32 |    10 ||    42

Table legend: (Time is in decaauts)
 A = Elapsed time spent in this place.
 B = Non-inter-level travel time spent in this place.
 C = Inter-level travel time spent in this place.
 D = Time resting spent in this place.
 E = Time spent auto-exploring this place.
 F = Levels seen in this place.
 G = Mean time per level.
                   A        B        C        D        E       F      G
               +--------+--------+--------+--------+--------+-----+--------+
         Total |   1207 |   1175 |     32 |      0 |    980 |   2 |  603.5 |
       Dungeon |   1207 |   1175 |     32 |      0 |    980 |   2 |  603.5 |
               +--------+--------+--------+--------+--------+-----+--------+

Top non-repeatable levels by time:
     D:1: 871 daAuts
     D:2: 336 daAuts
